 Dungeon Crawl Stone Soup version 0.30.0-15-g856e2d3f33 (webtiles) character file.

Game seed: 8995397699172888375

3586 qw the Cleaver (level 10, 0/63 HPs)
             Began as a Gargoyle Cinder Acolyte on May 18, 2023.
             Was a Priest of Ignis.
             Slain by a freezing wraith (10 damage)
             ... on level 10 of the Dungeon.
             The game lasted 00:03:12 (6084 turns).

qw the Cleaver (Gargoyle Cinder Acolyte)            Turns: 6084, Time: 00:03:13

Health: 0/63       AC: 36    Str: 21    XL:     10   Next: 10%
Magic:  11/11      EV:  6    Int: 18    God:    Ignis [***...]
Gold:   372        SH:  0    Dex:  7    Spells: 11/11 levels left

rFire   + . .        c - +0 broad axe
rCold   . . .        (no shield)
rNeg    + . .        j - +0 plate armour
rPois   inf          a - +2 helmet "Elass" {Drain Int+2 Dex+2 Stlth+}
rElec   +            i - +0 cloak
rCorr   .            (no gloves)
SInv    .            (no boots)
Will    .....        (no amulet) Stlth
                     r - +4 ring of protection
HPRegen 0.30/turn    (no ring)
MPRegen 0.12/turn

%: no passive effects
@: about to teleport, fiery-armoured
A: sickness immunity, AC +7, negative energy resistance 1, electricity
resistance, torment resistance 1, petrification resistance
a: Renounce Religion, Fiery Armour, Foxfire Swarm, Rising Flame


You were on level 10 of the Dungeon.
You worshipped Ignis.
Ignis was most pleased with you.
You visited 1 branch of the dungeon, and saw 8 of its levels.

You collected 372 gold pieces.


Innate Abilities, Weirdness & Mutations

You are immune to sickness and miasma.
Your stone body is resilient. (AC +7)
You are immune to poison.
You resist negative energy. (rN+)
You are resistant to electric shocks. (rElec)
You are resistant to unholy torment.
You are immune to petrification.


   Skills:
 + Level 7.2 Fighting
 - Level 10.2 Axes
 - Level 2.0 Throwing
 - Level 7.1 Armour
 - Level 1.0 Dodging
 - Level 1.0 Spellcasting
 - Level 3.0 Fire Magic


You had 11 spell levels left.
You didn't know any spells.
Your spell library contained the following spells:

 Spells                   Type           Power      Damage    Failure   Level
 Scorch                   Fire           22%        2d5       86%         2

Inventory:

Hand Weapons
 c - a +0 broad axe (weapon)
 l - a -1 hand axe of flaming
 Y - a +2 war axe of protection
Missiles
 n - 3 boomerangs (quivered)
Armour
 a - the +2 helmet "Elass" (worn) {Drain Int+2 Dex+2 Stlth+}
   (You acquired it on level 2 of the Dungeon)

   Int:       It affects your intelligence (+2).
   Dex:       It affects your dexterity (+2).
   Drain:     It drains your maximum health when unequipped.
   Stlth:     It makes you more stealthy.
 i - a +0 cloak (worn)
 j - a +0 plate armour (worn)
Jewellery
 r - a +4 ring of protection (left hand)
Wands
 q - a wand of digging (2)
Scrolls
 e - 2 scrolls of identify
 p - 3 scrolls of teleportation
Potions
 b - a potion of mutation
 f - a potion of haste
 h - 2 potions of heal wounds

Dungeon Overview and Level Annotations

Branches:
Dungeon (7/15)             Temple (0/1) D:7

Altars:
Cheibriados
Fedhas
Makhleb
Sif Muna

Shops:
D:1 ?

Annotations:
D:5 1 runed translucent door, Crazy Yiuf


Message History

The freezing wraith is burned by your cloak of flames.
The freezing wraith is heavily damaged.
Your Armour skill increases to level 7!
Autopickup is now on.
Lua error: [string "/dgldir/rcfiles/crawl-bot-0.30/qwlua.rc"]:3713: Cannot currently process new keys (there is pending input)
You hit the freezing wraith but do no damage.
The freezing wraith is heavily damaged.
You barely miss the lava snake. Something hits you but does no damage.
Deactivating autopickup; reactivate with Ctrl-A.
The lava snake spits lava at you.
The glob of lava hits you but does no damage.
The freezing wraith hits you but does no damage. x2
The freezing wraith is burned terribly!
The freezing wraith is burned by your cloak of flames.
The freezing wraith is severely damaged.
Autopickup is now on.
Lua error: [string "/dgldir/rcfiles/crawl-bot-0.30/qwlua.rc"]:3713: Cannot currently process new keys (there is pending input)
You closely miss the freezing wraith.
The freezing wraith is severely damaged.
You miss the lava snake. Something hits you but does no damage.
Deactivating autopickup; reactivate with Ctrl-A.
The lava snake bites you.
You are engulfed in flames.
You resist.
The lava snake completely resists.
The freezing wraith hits you but does no damage.
The freezing wraith is burned by your cloak of flames.
The freezing wraith is severely damaged.
The freezing wraith hits you.
Autopickup is now on.
Lua error: [string "/dgldir/rcfiles/crawl-bot-0.30/qwlua.rc"]:3713: Cannot currently process new keys (there is pending input)
6084 ||| READING 4 scrolls of teleportation.
As you read the scroll of teleportation, it crumbles to dust.
You feel strangely unstable. Something hits you but does no damage.
Deactivating autopickup; reactivate with Ctrl-A.
The lava snake barely misses you.
The freezing wraith hits you but does no damage.
The freezing wraith hits you!
You die...

...?...##
................##
.................##
.........~~~......##
......<..~~~.......##
......)..~~~........##
.....................##
.....$.)....).....%...##
..~~¤~S@....).........[#
..~~~~W.....)...........
..~¤¤~¤.................
..~~¤~~¤............~~~.
..~~~¤¤¤....~¤~~~...~~~.
............~¤~~~...~~~.
............¤~¤¤¤.......
...........¤~~~~~.......
~~.......


You could see a freezing wraith and a lava snake (catching breath).

Vanquished Creatures
  Maggie (D:7)
  A troll (D:10)
  Grinder (D:4)
  Prince Ribbit (D:5)
  A shadow (D:10)
  A wyvern (D:10)
  Eustachio (D:4)
  A steam dragon (D:7)
  Menkaure (D:5)
  A sky beast (D:6)
  An ice beast (D:6)
  An ogre (D:5)
  A black bear (D:5)
  3 centaurs
  3 phantoms
  Blork the orc (D:5)
  A bullfrog (D:6)
  4 scorpions
  An electric eel (D:10)
  A howler monkey (D:6)
  A jelly (D:4)
  2 orc priests
  4 hounds
  2 sleepcaps
  2 iguanas (D:5)
  5 orc wizards
  Natasha (D:4)
  4 gnolls (D:5)
  12 adders
  A white imp (D:6)
  A worm (D:2)
  3 dart slugs
  11 orcs
  6 bats
  5 endoplasms
  5 giant cockroaches
  4 hobgoblins
  16 jackals
  A quokka (D:2)
  4 ball pythons
  A frilled lizard (D:1)
  5 goblins (D:1)
  9 kobolds
  6 rats
138 creatures vanquished.

Vanquished Creatures (others)
  A bullfrog (D:7)
  An orc wizard (D:6)
2 creatures vanquished.

Grand Total: 140 creatures vanquished

Notes
Turn   | Place    | Note
-------+----------+-------------------------------------------
     0 | D:1      | qw the Gargoyle Cinder Acolyte began the quest for the Orb.
     0 | D:1      | Reached XP level 1. HP: 14/14 MP: 2/2
     0 | D:1      | 0 ||| qw: Version: 0.2-a-95-gc95f03d
     0 | D:1      | 0 ||| qw: Game counter: 65
     0 | D:1      | 0 ||| qw: Always use a shield: true
     0 | D:1      | 0 ||| qw: God list: Okawaru
     0 | D:1      | 0 ||| qw: Allow faded altars: false
     0 | D:1      | 0 ||| qw: Do Orc after D:15 true
     0 | D:1      | 0 ||| qw: Do second Lair branch before Depths: true
     0 | D:1      | 0 ||| qw: Lair rune preference: random
     0 | D:1      | 0 ||| qw: Plans: Normal
     0 | D:1      | 0 ||| PLANNING D:1-11
    40 | D:1      | Found Reboa's Magic Scroll Shoppe.
    41 | D:1      | 41 ||| Stepping ~*~*~tactically~*~*~ (hiding).
    50 | D:1      | 50 ||| INVOKING Fiery Armour.
    51 | D:1      | Reached skill level 3 in Axes
    52 | D:1      | 52 ||| Stepping ~*~*~tactically~*~*~ (stealth).
    59 | D:1      | 59 ||| Stepping ~*~*~tactically~*~*~ (stealth).
    60 | D:1      | 60 ||| Stepping ~*~*~tactically~*~*~ (stealth).
    97 | D:1      | Reached XP level 2. HP: 19/19 MP: 3/3
   100 | D:1      | 100 ||| SHOPLISTING scroll of acquirement (520 gold, have
                  | 0).
   100 | D:1      | 100 ||| SHOPLISTING scroll of identify (20 gold, have 0).
   129 | D:1      | 129 ||| Stepping ~*~*~tactically~*~*~ (stealth).
   139 | D:1      | 139 ||| Stepping ~*~*~tactically~*~*~ (stealth).
   145 | D:1      | 145 ||| Stepping ~*~*~tactically~*~*~ (hiding).
   310 | D:1      | 310 ||| Stepping ~*~*~tactically~*~*~ (stealth).
   334 | D:1      | Reached XP level 3. HP: 22/23 MP: 4/4
   501 | D:1      | 501 ||| Stepping ~*~*~tactically~*~*~ (stealth).
   505 | D:1      | Reached skill level 4 in Axes
   703 | D:1      | 703 ||| UPGRADING to +0 leather armour.
   713 | D:1      | 713 ||| DROPPING +0 robe.
   714 | D:1      | 714 ||| UPGRADING to +0 cloak.
   719 | D:1      | 719 ||| UPGRADING to +0 plate armour.
   729 | D:1      | 729 ||| DROPPING +0 leather armour.
   730 | D:1      | 730 ||| READING scroll labelled WOVUWU KIUXI.
   731 | D:1      | 731 ||| READING scroll labelled QATTAWNOZI.
   732 | D:1      | 732 ||| READING scroll labelled GEARISH XOSI.
   733 | D:1      | 733 ||| DRINKING 2 silvery potions.
   734 | D:1      | 734 ||| DRINKING 2 smoky inky potions.
   886 | D:2      | Reached skill level 1 in Armour
   934 | D:2      | 934 ||| Stepping ~*~*~tactically~*~*~ (stealth).
   936 | D:2      | 936 ||| Stepping ~*~*~tactically~*~*~ (hiding).
   937 | D:2      | 937 ||| Stepping ~*~*~tactically~*~*~ (hiding).
   946 | D:2      | Reached XP level 4. HP: 28/28 MP: 5/5
  1201 | D:2      | 1201 ||| Stepping ~*~*~tactically~*~*~ (hiding).
  1725 | D:2      | 1725 ||| DROPPING ring of wizardry.
  1726 | D:2      | 1726 ||| READING scroll labelled ERUMOME VICELE.
  1727 | D:2      | 1727 ||| READING scroll labelled XANAVIPHOO.
  1727 | D:2      | Identified a scroll of acquirement
  1727 | D:2      | 1727 ||| ACQUIRING +2 helmet "Elass" {Drain Int+2 Dex+2
                  | Stlth+}
  1727 | D:2      | Acquired the +2 helmet "Elass" {Drain Int+2 Dex+2 Stlth+}
  1729 | D:2      | 1729 ||| UPGRADING to +2 helmet "Elass" {Drain Int+2 Dex+2
                  | Stlth+}.
  1734 | D:2      | 1734 ||| READING scroll labelled EJUOLIOJAO.
  1813 | D:3      | 1813 ||| Stepping ~*~*~tactically~*~*~ (stealth).
  1834 | D:3      | Reached skill level 1 in Throwing
  1896 | D:3      | 1896 ||| Stepping ~*~*~tactically~*~*~ (stealth).
  2154 | D:3      | Reached XP level 5. HP: 32/32 MP: 6/6
  2290 | D:3      | Reached skill level 3 in Armour
  2292 | D:3      | Found a burning altar of Makhleb.
  2410 | D:4      | 2410 ||| Stepping ~*~*~tactically~*~*~ (hiding).
  2411 | D:4      | 2411 ||| Stepping ~*~*~tactically~*~*~ (hiding).
  2412 | D:4      | 2412 ||| Stepping ~*~*~tactically~*~*~ (hiding).
  2427 | D:4      | 2427 ||| Stepping ~*~*~tactically~*~*~ (stealth).
  2428 | D:4      | 2428 ||| Stepping ~*~*~tactically~*~*~ (stealth).
  2429 | D:4      | 2429 ||| Stepping ~*~*~tactically~*~*~ (stealth).
  2452 | D:4      | 2452 ||| Stepping ~*~*~tactically~*~*~ (stealth).
  2620 | D:4      | Noticed Natasha
  2622 | D:4      | 2622 ||| INVOKING Fiery Armour.
  2626 | D:4      | Killed Natasha
  2631 | D:4      | Reached skill level 5 in Axes
  2631 | D:4      | Reached XP level 6. HP: 37/37 MP: 7/7
  2783 | D:4      | Noticed Grinder
  2783 | D:4      | Noticed Eustachio
  2784 | D:4      | 2784 ||| INVOKING Fiery Armour.
  2787 | D:4      | Paralysed by Grinder for 4 turns
  2817 | D:4      | Killed Grinder
  2818 | D:4      | Reached skill level 6 in Axes
  2818 | D:4      | Reached XP level 7. HP: 40/44 MP: 8/8
  2832 | D:4      | Killed Eustachio
  3024 | D:4      | 3024 ||| DROPPING +2 hat.
  3025 | D:4      | 3025 ||| READING 2 scrolls of identify.
  3025 | D:4      | 3025 ||| IDENTIFYING bubbling blue potion
  3042 | D:5      | Entered Level 5 of the Dungeon
  3074 | D:5      | 3074 ||| SWAPPING to +0 war axe.
  3209 | D:5      | Noticed Prince Ribbit
  3218 | D:5      | HP: 5/44 [Prince Ribbit (11)]
  3219 | D:5      | 3219 ||| DRINKING 4 potions of heal wounds.
  3223 | D:5      | Killed Prince Ribbit
  3224 | D:5      | Reached skill level 7 in Axes
  3224 | D:5      | Reached XP level 8. HP: 33/48 MP: 9/9
  3377 | D:5      | Noticed Blork the orc
  3383 | D:5      | Killed Blork the orc
  3416 | D:5      | Found a runed translucent door.
  3417 | D:5      | Noticed Crazy Yiuf
  3505 | D:5      | 3505 ||| Stepping ~*~*~tactically~*~*~ (stealth).
  3507 | D:5      | 3507 ||| Stepping ~*~*~tactically~*~*~ (hiding).
  3688 | D:5      | 3688 ||| INVOKING Fiery Armour.
  3688 | D:5      | HP: 12/49 [ogre/+0 giant club (2)]
  3706 | D:5      | 3706 ||| Stepping ~*~*~tactically~*~*~ (stealth).
  3709 | D:5      | 3709 ||| Stepping ~*~*~tactically~*~*~ (stealth).
  3744 | D:5      | 3744 ||| Stepping ~*~*~tactically~*~*~ (stealth).
  3844 | D:5      | 3844 ||| Stepping ~*~*~tactically~*~*~ (stealth).
  3845 | D:5      | 3845 ||| Stepping ~*~*~tactically~*~*~ (stealth).
  4105 | D:5      | Noticed Menkaure
  4110 | D:5      | 4110 ||| INVOKING Fiery Armour.
  4112 | D:5      | HP: 12/49 [Menkaure (2)]
  4113 | D:5      | 4113 ||| DRINKING 3 potions of heal wounds.
  4113 | D:5      | Killed Menkaure
  4114 | D:5      | Reached skill level 8 in Axes
  4262 | D:5      | 4262 ||| READING scroll labelled RUG YFILOU.
  4263 | D:5      | 4263 ||| READING 2 scrolls labelled VEDUACHUWK.
  4312 | D:5      | 4312 ||| READING scroll labelled DOMPIW GITUVU.
  4313 | D:5      | 4313 ||| READING scroll labelled PENELU GYTRA.
  4414 | D:5      | 4414 ||| READING scroll labelled ECOTIBBAUST.
  4415 | D:5      | 4415 ||| READING scroll labelled HESMADWE JANA.
  4416 | D:5      | 4416 ||| READING scroll labelled DUMETUF ZOGH.
  4417 | D:5      | 4417 ||| READING scroll labelled ASCHURPHA GOMUDU.
  4418 | D:5      | 4418 ||| READING 3 scrolls of identify.
  4418 | D:5      | 4418 ||| IDENTIFYING fizzy blue potion
  4419 | D:5      | 4419 ||| READING 2 scrolls of identify.
  4419 | D:5      | 4419 ||| IDENTIFYING viscous red potion
  4420 | D:5      | 4420 ||| DROPPING potion of brilliance.
  4421 | D:5      | 4421 ||| DROPPING potion of lignification.
  4591 | D:6      | Reached skill level 6 in Fighting
  4591 | D:6      | Reached XP level 9. HP: 55/55 MP: 10/10
  4610 | D:6      | 4610 ||| Stepping ~*~*~tactically~*~*~ (hiding).
  4682 | D:6      | 4682 ||| Stepping ~*~*~tactically~*~*~ (stealth).
  4727 | D:6      | 4727 ||| DRINKING 2 potions of curing.
  4727 | D:6      | 4727 ||| (to cure confusion)
  4750 | D:6      | Reached skill level 9 in Axes
  4818 | D:6      | Reached skill level 1 in Dodging
  4897 | D:6      | 4897 ||| Stepping ~*~*~tactically~*~*~ (hiding).
  4986 | D:6      | 4986 ||| READING scroll of enchant weapon.
  4986 | D:6      | 4986 ||| ENCHANTING +1 war axe of protection.
  5084 | D:6      | 5084 ||| Stepping ~*~*~tactically~*~*~ (stealth).
  5086 | D:6      | 5086 ||| Stepping ~*~*~tactically~*~*~ (hiding).
  5087 | D:6      | 5087 ||| Stepping ~*~*~tactically~*~*~ (hiding).
  5357 | D:6      | 5357 ||| DROPPING orb of mayhem.
  5358 | D:6      | 5358 ||| UPGRADING to +4 ring of protection.
  5359 | D:6      | 5359 ||| READING scroll labelled HAONIQ ANOHAUTS.
  5360 | D:6      | 5360 ||| DRINKING 2 fizzy golden potions.
  5361 | D:6      | 5361 ||| READING 5 scrolls of identify.
  5361 | D:6      | 5361 ||| IDENTIFYING brown potion
  5362 | D:6      | 5362 ||| READING 4 scrolls of identify.
  5362 | D:6      | 5362 ||| IDENTIFYING glowing brown potion
  5363 | D:6      | 5363 ||| READING 3 scrolls of identify.
  5363 | D:6      | 5363 ||| IDENTIFYING lumpy yellow potion
  5364 | D:6      | 5364 ||| DROPPING potion of attraction.
  5365 | D:6      | 5365 ||| DROPPING potion of degeneration.
  5366 | D:6      | 5366 ||| DROPPING potion of invisibility.
  5392 | D:7      | Found a blossoming altar of Fedhas.
  5394 | D:7      | Found a shimmering blue altar of Sif Muna.
  5397 | D:7      | Found a snail-covered altar of Cheibriados.
  5416 | D:7      | Noticed Maggie
  5417 | D:7      | 5417 ||| Stepping ~*~*~tactically~*~*~ (hiding).
  5419 | D:7      | 5419 ||| Stepping ~*~*~tactically~*~*~ (hiding).
  5442 | D:7      | Killed Maggie
  5443 | D:7      | Reached skill level 6 in Armour
  5538 | D:7      | Found a staircase to the Ecumenical Temple.
  5647 | D:7      | 5647 ||| Stepping ~*~*~tactically~*~*~ (hiding).
  5648 | D:7      | 5648 ||| Stepping ~*~*~tactically~*~*~ (hiding).
  5921 | D:7      | You fall into a shaft and drop 3 floors!
  5921 | D:10     | Entered Level 10 of the Dungeon
  6054 | D:10     | 6054 ||| DRINKING potion of curing.
  6054 | D:10     | 6054 ||| (to cure confusion)
  6055 | D:10     | 6055 ||| SWAPPING to +0 broad axe.
  6059 | D:10     | Noticed a troll
  6060 | D:10     | 6060 ||| INVOKING Fiery Armour.
  6062 | D:10     | Reached XP level 10. HP: 57/63 MP: 11/11
  6069 | D:10     | Reached skill level 10 in Axes
  6083 | D:10     | HP: 15/63 [lava snake (1)]
  6084 | D:10     | 6084 ||| READING 4 scrolls of teleportation.
  6084 | D:10     | Slain by a freezing wraith

Levels and vault maps discovered:
D:1:      psy_arrival_terrarium, layout_basic, serial_shops,
          nicolae_shop_statue_plus, minmay_tromino_v7
D:2:      layout_basic
D:3:      layout_basic, lightli_temple_of_fire, st_stairs_3
D:4:      layout_rooms, amcnicky_mini_pool_small, uniq_eustachio, uniq_grinder,
          uniq_natasha
D:5:      layout_gridville, uniq_prince_ribbit1, uniq_blork_the_orc,
          uniq_menkaure, uniq_crazy_yiuf_cottage
D:6:      layout_loops_ring, minmay_fractal_squares_gapless_5
D:7:      layout_cave_pods, gammafunk_temple_overflow_forgotten, temple_pool_b,
          nicolae_elevator_lobby_asterisk, uniq_maggie
D:10:     layout_big_octagon, kennysheep_little_box

Skill      XL: |  1  2  3  4  5  6  7  8  9 10 |
---------------+-------------------------------+-----
Axes           | 3 4 5 6 7 8 9 10 | 10.2
Armour         | 1 2 3 4 5 6 7 |  7.1
Throwing       | 1 2 |  2.0
Fighting       | 4 6 7 |  7.2
Dodging        | 1 |  1.0
Spellcasting   | |  1.0
Fire Magic     | |  3.0

Action                     |  1- 3 |  4- 6 |  7- 9 | 10-12 || total
---------------------------+-------+-------+-------+-------++-------
  Melee: Hand axe          |   110 |   130 |    16 |       ||   256
         Punch             |       |     2 |     3 |       ||     5
         War axe           |       |       |   250 |       ||   250
         Broad axe         |       |       |     2 |    14 ||    16
  Throw: Javelin           |       |    34 |    26 |       ||    60
         Boomerang         |       |       |     6 |     2 ||     8
 Invoke: Fiery Armour      |     1 |     2 |     3 |       ||     6
    Use: Scroll            |     3 |     3 |    16 |     1 ||    23
         Potion            |     2 |       |     5 |       ||     7
 Armour: Robe              |    30 |       |       |       ||    30
         Plate armour      |    16 |   106 |   222 |    40 ||   384
  Dodge: Dodged            |    56 |    28 |    63 |    12 ||   159

Table legend:
 A = Non-vault XP
 B = Vault XP
 C = Vault XP percentage of total XP
 D = Non-vault monster count
 E = Vault monster count
 F = Vault count percentage of total count
                 A         B        C        D         E       F
            +---------+---------+-------+---------+---------+-------
      Total |    3572 |    1552 |  30.3 |     122 |      17 |  12.2
            +---------+---------+-------+---------+---------+-------
        D:1 |      51 |       7 |  12.1 |      30 |       4 |  11.8
        D:2 |      60 |       0 |   0.0 |      11 |       0 |   0.0
        D:3 |      66 |       2 |   2.9 |      11 |       2 |  15.4
        D:4 |     277 |     533 |  65.8 |      21 |       3 |  12.5
        D:5 |     624 |     523 |  45.6 |      12 |       3 |  20.0
        D:6 |    1036 |      98 |   8.6 |      23 |       4 |  14.8
        D:7 |     490 |     389 |  44.3 |       6 |       1 |  14.3
       D:10 |     968 |       0 |   0.0 |       8 |       0 |   0.0
            +---------+---------+-------+---------+---------+-------
